AoeStats
← Erick14mar

African Clearing

506779834Analyzed
3v3 RM · 18d ago on Sep 15, 2026· 24m 54s· 6 players
Game mode
Random Map
Map size
Normal (6 player)
Population
200
Speed
Normal
Resources
Standard
Victory
Conquest
Starting age
Dark Age
Ending age
Imperial Age
RankedLock teamsTeams togetherTeam positionsShared explorationLock speedFull tech treeHidden civsTurbo modeCheats
Victory
Defeat
🇦🇷 Mongols · Argentina
1310
+14
🇵🇪 Goths · Peru
1291
+15
🇨🇳 Huns · China
1267
+16
🇦🇷 Vietnamese · Argentina
1292
-16
🇦🇷 Mongols · Argentina
1283
-16
🇦🇷 Malay · Argentina
1223
-13
samuel_ojeda
13:23 Loom
16:08 Feudal Age
19:31 Double-Bit Axe
mauro.escalier
8:22 Loom
13:31 Feudal Age
18:14 Castle Age
16:38 Double-Bit Axe
18:18 Wheelbarrow
21:32 Horse Collar
23:29 Fletching
Alejandro Manco
6:45 Loom
13:17 Feudal Age
13:48 Double-Bit Axe
14:49 Wheelbarrow
14:14 Town Watch
16:59 Bloodlines
17:16 Forging
18:09 Scale Barding Armor
Erick14mar
4:02 Loom
14:55 Feudal Age
21:57 Castle Age
21:50 Fletching
22:02 Scale Mail Armor
22:13 Forging
JieX
5:02 Loom
12:54 Feudal Age
15:27 Double-Bit Axe
18:04 Castle Age
18:16 Fletching
18:58 Bodkin Arrow
19:31 Bow Saw
Hodor
3:13 Loom
11:24 Feudal Age
12:16 Double-Bit Axe
13:44 Town Watch
18:49 Gold Mining
21:58 Castle Age
21:49 Fletching
24:01 Bodkin Arrow
Connection lost

Rejoining the realm…

Still unreachable

The connection could not be restored.

Session expired

The server has moved on; the page needs a fresh start.